 Dungeon Crawl Stone Soup version 0.23-a0-445-g768d57b (webtiles) character file.

88 Dfrag the Firebug (level 4, 21/30 HPs)
             Began as a Demonspawn Fire Elementalist on Nov 18, 2018.
             Quit the game on level 2 of the Dungeon.
             The game lasted 00:01:44 (1445 turns).

Dfrag the Firebug (Demonspawn Fire Elementalist)    Turns: 1445, Time: 00:01:45

Health: 21/30      AC:  2    Str:  8    XL:     4   Next: 29%
Magic:  6/8        EV: 12    Int: 17    God:
Gold:   54         SH:  0    Dex: 14    Spells: 7/8 levels left

rFire    . . .     SeeInvis .   i - +0 flail
rCold    . . .     Gourm    .   (no shield)
rNeg     . . .     Faith    .   a - +0 robe
rPois    .         Spirit   .   (helmet restricted)
rElec    .         Reflect  .   (no cloak)
rCorr    .         Harm     .   (no gloves)
MR       .....                  (no boots)
Stlth    ++........             (no amulet)
HPRegen  0.10/turn              (no ring)
MPRegen  0.11/turn              (no ring)

@: no status effects
A: horns 1, sanguine armour 1
a: no special abilities


You were on level 2 of the Dungeon.
You were not hungry.

You visited 1 branch of the dungeon, and saw 2 of its levels.

You collected 54 gold pieces.

Inventory:

Hand Weapons
 i - a +0 flail (weapon)
Armour
 a - a +0 robe (worn)
Scrolls
 d - a scroll of teleportation {unknown}
 h - 2 scrolls of identify {unknown}
Potions
 b - a potion of flight {unknown}
 e - a potion of agility {unknown}
 f - a potion of lignification {unknown}
 g - a potion of curing {unknown}
Comestibles
 c - 4 rations
 j - 2 chunks of flesh


   Skills:
 - Level 1.7 Dodging
 - Level 1.7 Stealth
 + Level 2.9 Spellcasting
 + Level 2.4 Conjurations
 + Level 3.5 Fire Magic


You had 7 spell levels left.
You knew the following spells:

 Your Spells              Type           Power        Failure   Level  Hunger
a - Flame Tongue          Conj/Fire      ##...        5%          1    None

Your spell library contained the following spells:

 Spells                   Type           Power        Failure   Level  Hunger
 Throw Flame              Conj/Fire      ##....       8%          2    ##.....
 Conjure Flame            Conj/Fire      ##......     16%         3    ###....
 Inner Flame              Hex/Fire       #.......     26%         3    ###....
 Sticky Flame             Conj/Fire      ##......     45%         4    ####...
 Fireball                 Conj/Fire      ##........   82%         5    ######.


Dungeon Overview and Level Annotations

Branches:
Dungeon (2/15)

Altars:
Fedhas


Innate Abilities, Weirdness & Mutations

You have a pair of small horns on your head.
When seriously injured, your bleeding wounds create armour. (AC +0)


Message History

Press: ? - help, Shift-Dir - straight line, f/p - gnoll
Aim: a gnoll, wielding a +0 halberd (almost dead)
The flame tongue misses the gnoll.
The gnoll misses you.
Casting: Flame Tongue (safe; 5% risk of failure)
Confirm with . or Enter, or press ? or * to list all spells.
Aiming: Flame Tongue (safe; 5% risk of failure)
Press: ? - help, Shift-Dir - straight line, f/p - gnoll
Aim: a gnoll, wielding a +0 halberd (almost dead)
The flame tongue hits the gnoll.
You kill the gnoll!
Things that are here:
a +0 halberd; a throwing net; a gnoll corpse You butcher the gnoll corpse.
j - 3 chunks of flesh (gained 2)
Things that are here:
a +0 halberd; a throwing net; a gnoll skeleton You start resting.
Eating one of 3 chunks of flesh.
You eat one of the 3 chunks of flesh.
This raw flesh tastes terrible.
Your blood armour dries and flakes away.
Are you sure you want to abandon this character and quit the game? (Confirm

.# ..[......# .#
#######..# .# #..# .#
#..# .# #..# # .#
...#.#
.###############.#.#
.........)>...รท....#
################@#.#
#)# # ###


There were no monsters in sight!

Vanquished Creatures
  3 gnolls (D:2)
  2 adders (D:2)
  An ooze (D:1)
  2 dart slugs (D:1)
  3 leopard geckos (D:1)
  2 bats (D:1)
  A giant cockroach (D:1)
  6 hobgoblins
  4 jackals (D:2)
  2 kobolds (D:1)
  2 frilled lizards
  A rat (D:2)
29 creatures vanquished.

Notes
Turn   | Place    | Note
-------+----------+-------------------------------------------
     0 | D:1      | Dfrag the Demonspawn Fire Elementalist began the quest for
                  | the Orb.
     0 | D:1      | Reached XP level 1. HP: 13/13 MP: 3/3
    77 | D:1      | Gained mutation: You have a pair of small horns on your
                  | head. [demonic ancestry]
    77 | D:1      | Reached XP level 2. HP: 7/19 MP: 0/5
   317 | D:1      | Reached skill level 3 in Fire Magic
   676 | D:1      | Reached XP level 3. HP: 24/24 MP: 2/6
   911 | D:2      | Found a blossoming altar of Fedhas.
  1374 | D:2      | Gained mutation: When seriously injured, your bleeding
                  | wounds create armour. (AC +0) [demonic ancestry]
  1374 | D:2      | Reached XP level 4. HP: 29/30 MP: 5/8
  1445 | D:2      | Quit the game

Vault maps used:
D:1:      dpeg_arrival_boxorama
D:2:      zin_treasury, fedhas_altar_fruit_tree, uniq_robin

Skill      XL: |  1  2  3 |
---------------+----------+-----
Fire Magic     | 3 |  3.5
Conjurations   | 2 |  2.4
Dodging        | |  1.7
Stealth        | |  1.7
Spellcasting   | |  2.9

Action                   |  1- 3 |  4- 6 || total
-------------------------+-------+-------++-------
Melee: Unarmed           |    33 |       ||    33
       Headbutt          |     4 |       ||     4
 Cast: Flame Tongue      |    55 |     7 ||    62
  Eat: Chunk             |     1 |     1 ||     2
Armor: Robe              |    10 |       ||    10
Dodge: Dodged            |    49 |     2 ||    51

Table legend:
 A = Non-vault XP
 B = Vault XP
 C = Vault XP percentage of total XP
 D = Non-vault monster count
 E = Vault monster count
 F = Vault count percentage of total count
                 A         B        C        D         E       F
            +---------+---------+-------+---------+---------+-------
      Total |     126 |       0 |   0.0 |      29 |       0 |   0.0
            +---------+---------+-------+---------+---------+-------
        D:1 |      43 |       0 |   0.0 |      16 |       0 |   0.0
        D:2 |      83 |       0 |   0.0 |      13 |       0 |   0.0
            +---------+---------+-------+---------+---------+-------
